 Dungeon Crawl Stone Soup version 0.32-a0-450-g080537f31e (webtiles) character file.

Game seed: 7095770630367611012

17108 Pooter the Cleaver (level 12, -7/87 (94) HPs)
             Began as a Minotaur Monk on Feb 23, 2024.
             Was an Elder of Hepliaklqana.
             Mangled by a sixfirhy (11 damage)
             ... summoned by an orc sorcerer
             ... led by Saint Roka
             ... on level 2 of the Orcish Mines.
             The game lasted 01:03:30 (10150 turns).

Pooter the Cleaver (Minotaur Monk)                 Turns: 10150, Time: 01:03:31

HP:   -7/87 (94)    AC: 22    Str: 20    XL:     12   Next: 16%
MP:   12/12         EV:  3    Int:  8    God:    Hepliaklqana [****..]
Gold: 289           SH:  0    Dex: 14    Spells: 11/11 levels left

rFire   + . .        a - +10 hand axe of Syrr {elec, Int+3 SInv}
rCold   + . .        (no shield)
rNeg    . . .        N - +3 crystal plate armour
rPois   .            (helmet restricted)
rElec   .            M - scarf {rC+ rF+}
rCorr   +            u - +0 pair of gloves
SInv    +            B - +2 pair of boots {rampage}
Will    +....        (no amulet) Stlth
                     s - ring of willpower
HPRegen 0.34/turn    C - ring of resist corrosion
MPRegen 0.13/turn

%: clarity, rampage
@: drained
A: reduced essence, horns 2, retaliatory headbutt, clarity, dopey 1, wild magic
1
a: Renounce Religion, Recall Ancestor, Ancestor Identity, Transference, Idealise


You were on level 2 of the Orcish Mines.
You worshipped Hepliaklqana.
Hepliaklqana was greatly pleased with you.
You visited 3 branches of the dungeon, and saw 13 of its levels.
You also visited: Bailey.

You collected 649 gold pieces.
You spent 360 gold pieces at shops.

Inventory:

Hand Weapons
 a - the +10 hand axe of Syrr (weapon) {elec, Int+3 SInv}
   (You found it on level 4 of the Dungeon)

   Int+3:     It affects your intelligence (+3).
   SInv:      It lets you see invisible.
 b - a +0 arbalest
   (You took it off a kobold blastminer on level 1 of the Orcish Mines)
 q - a +0 trident
   (You took it off an orc on level 4 of the Dungeon)
 v - a +0 morningstar
   (You took it off an orc on level 4 of the Dungeon)
 A - a +0 sling
   (You found it on level 1 of the Dungeon)
 D - a +0 spectral war axe
   (You took it off an orc on level 4 of the Dungeon)
 H - a +0 heavy mace
   (You took it off an orc priest on level 5 of the Dungeon)
 R - a +0 war axe of flaming
   (You found it on level 9 of the Dungeon)
Missiles
 e - 27 poisoned darts (quivered)
 y - 6 boomerangs
 J - 5 javelins
 K - 3 atropa-tipped darts
 O - a throwing net {!f}
 Q - 107 stones
Armour
 u - a +0 pair of gloves (worn)
   (You found it on level 3 of the Dungeon)
 B - a +2 pair of boots of rampaging (worn)
   (You found it in a bailey)
 M - a scarf of resistance (worn)
   (You found it on level 6 of the Dungeon)
 N - a +3 crystal plate armour (worn)
   (You found it in a bailey)
 P - an orb of light
Jewellery
 s - a ring of willpower (left hand)
   (You found it on level 2 of the Dungeon)
 C - a ring of resist corrosion (right hand)
   (You found it on level 3 of the Dungeon)
 I - an amulet of faith {!P}
   (You found it on level 8 of the Dungeon)
Wands
 d - a wand of iceblast (3)
   (You found it on level 9 of the Dungeon)
 f - a wand of flame (8)
   (You found it on level 8 of the Dungeon)
 i - a wand of polymorph (9)
   (You found it on level 3 of the Dungeon)
 x - a wand of acid (3)
   (You found it on level 10 of the Dungeon)
Scrolls
 j - a scroll of immolation {!r}
 k - 2 scrolls of vulnerability {!r}
 m - 2 scrolls of fog
 t - a scroll of teleportation {@r4}
 w - 3 scrolls of butterflies
 T - a scroll of brand weapon
Potions
 c - 2 potions of ambrosia
 g - a potion of haste {unknown}
 h - 3 potions of attraction {!q}
 l - a potion of berserk rage {unknown}
 n - a potion of heal wounds {@q2}
 o - 2 potions of lignification {!q}
 p - 7 potions of curing {@q1}
 r - 3 potions of enlightenment
 z - 2 potions of resistance
 E - 3 potions of mutation {!q}
 F - a potion of might
 G - 2 potions of invisibility {unknown}
 L - a potion of brilliance {unknown}
 S - a potion of cancellation


   Skills:
 + Level 9.5 Fighting
 + Level 12.5 Axes
 * Level 10.8 Ranged Weapons
 - Level 6.9 Throwing
 + Level 1.9 Armour
 - Level 3.2 Dodging
 - Level 4.2 Stealth
 * Level 2.3 Invocations
 - Level 6.2 Evocations


You had 11 spell levels left.
You didn't know any spells.
Your spell library contained the following spells:

 Spells                   Type           Power      Damage    Failure   Level
 Slow                     Hex            0%         N/A       100%        1
 Confusing Touch          Hex            0%         N/A       100%        3
 Sigil of Binding         Hex            0%         N/A       100%        3
 Stone Arrow              Conj/Erth      0%         3d7       100%        3
 Tukima's Dance           Hex            0%         N/A       100%        3
 Vampiric Draining        Necr           0%         2d6       100%        3
 Animate Armour           Summ/Erth      0%         N/A       100%        4
 Passage of Golubria      Tloc           0%         N/A       100%        4
 Yara's Violent Unravell  Hex/Alch       0%         3d3       100%        5
 Lehudib's Crystal Spear  Conj/Erth      0%         10d2      100%        8


Dungeon Overview and Level Annotations

Branches:
Dungeon (10/15) Zot: 26216  Temple (1/1) D:6 Zot: 5965    Lair (0/5) D:8
    Orc (2/2) D:10 Zot: 11545  Bailey (visited)
    Elf: Orc:2

Altars:
Ashenzari
Cheibriados
Dithmenos
Elyvilon
Fedhas
Gozag
Hepliaklqana
Kikubaaqudgha
Makhleb
Nemelex Xobeh
Okawaru
Qazlal
Ru
Sif Muna
Trog
Uskayaw
Vehumet
Wu Jian
Xom
Yredelemnul
Zin
The Shining One

Shops:
D:3 [   D:4 !   D:8 !

Annotations:
D:4 1 runed translucent door, Crazy Yiuf
Orc:2 Saint Roka


Innate Abilities, Weirdness & Mutations

Your life essence is reduced to manifest your ancestor. (-10% HP)
You have a pair of horns on your head.
You reflexively headbutt those who attack you in melee.
You possess an exceptional clarity of mind.
You are dopey. (Int -2)
Your spells are a little harder to cast, but a little more powerful.


Message History

There is a stone staircase leading down here.
Okay, then.
You climb downwards.
You feel an oppressive heat about you.
There is an entrance to a volcano on this level.
Hurry and find it before the entrance collapses!
Level annotation: Saint Roka You hear the rumble of an avalanche of rocks nearby.
Something misses Odghorreuda.
The orc barely misses you.
Saint Roka calls down the wrath of Beogh upon you.
Beogh smites you!
There is a stone staircase leading up, spattered with blood here.
You hit the orc. Lightning courses through the orc!
You kill the orc!
Something hits Odghorreuda.
Saint Roka roars a battlecry!
The orcs go into a battle-frenzy!
The orc sorcerer casts a spell.
Aiming: Iceblast
Press: ? - help, Shift-Dir - straight line, f - orc sorcerer
Aim: an orc sorcerer, wielding a +0 dagger and wearing a +2 robe of willpower (strong, ally target) Odghorreuda avoids your attack.
The mass of ice explodes!
The iceblast engulfs the orc sorcerer!
You hear a shout!
Saint Roka invokes the aid of Beogh against you.
Beogh smites you!
Aiming: Iceblast
Press: ? - help, Shift-Dir - straight line, f/p - orc sorcerer
Aim: an orc sorcerer, wielding a +0 dagger and wearing a +2 robe of willpower (moderately wounded, strong, ally target)
The mass of ice explodes!
The iceblast engulfs the orc sorcerer!
The iceblast engulfs the orc!
You kill the orc!
Odghorreuda avoids your attack.
You hear a shout! x2
The sixfirhy hits you but does no damage.
Odghorreuda closely misses the orc sorcerer.
The orc sorcerer gestures at you while chanting.
The bolt of negative energy misses the sixfirhy.
The bolt of negative energy hits you!!!
You feel drained.
Ouch! That really hurt!
* * * LOW HITPOINT WARNING * * *
The sixfirhy hits you.
* * * LOW HITPOINT WARNING * * *
The sixfirhy shocks you!
* * * LOW HITPOINT WARNING * * *
The sixfirhy hits you but does no damage.
The sixfirhy hits you.
* * * LOW HITPOINT WARNING * * *
The sixfirhy shocks you!
You die...
Hepliaklqana delivers you to your ancestors.

... .. #####
..#..#.##
.......#
......##
##).....##
#@3......#
##[o....#
.......oR...##
.......)o..##
..........##
.....o...##
#...o....#
......o...
..........


You could see the friendly Odghorreuda the battlemage, Saint Roka, a sixfirhy
(summoned), an orc sorcerer (strong, ally target) and an orc warrior (strong).

Vanquished Creatures
  A two-headed ogre (D:10)
  An orc sorcerer (Orc:1)
  A kobold blastminer (Orc:1)
  A guardian serpent (Orc:1)
  A troll (Orc:2)
  Prince Ribbit (D:9)
  Grinder (D:6)
  A wraith (D:9)
  2 wyverns (D:9)
  2 yaks (D:10)
  2 steam dragons
  A warg (D:9)
  Menkaure (D:4)
  4 vampire mosquitoes (D:10)
  An acid dragon (D:8)
  4 water moccasins
  A black bear (D:7)
  4 ice beasts (D:7)
  A sky beast (D:7)
  4 orc warriors
  2 centaurs
  An ogre (D:5)
  A phantom (D:6)
  A kobold brigand (D:7)
  4 bullfrogs (D:8)
  3 gnoll sergeants (D:8)
  2 wights (D:8)
  6 killer bees
  2 bombardier beetles
  2 hounds
  3 orc priests
  A jelly (D:4)
  5 iguanas
  6 orc wizards
  12 gnolls (D:8)
  12 adders
  6 ufetubi
  A dart slug (D:3)
  4 ribbon worms
  32 orcs
  10 bats
  7 endoplasms
  A giant cockroach (D:2)
  4 hobgoblins
  10 jackals
  6 quokkas
  8 ball pythons
  5 frilled lizards
  12 goblins
  14 kobolds
  6 rats
224 creatures vanquished.

Vanquished Creatures (collateral kills)
  2 yaks (D:10)
  A steam dragon (D:10)
  An acid dragon (D:10)
  2 water moccasins (D:8)
  2 black bears (D:8)
  5 orc warriors
  An ogre (Orc:2)
  A centaur (D:9)
  A bullfrog (D:8)
  2 gnoll sergeants (D:8)
  2 wights (D:8)
  3 killer bees (D:9)
  A gnoll bouda (D:8)
  2 hounds (D:8)
  5 gnolls (D:8)
  17 orcs
48 creatures vanquished.

Vanquished Creatures (others)
  4 battlemagi
4 creatures vanquished.

Grand Total: 276 creatures vanquished

Notes
Turn   | Place    | Note
-------+----------+-------------------------------------------
     0 | D:1      | Pooter the Minotaur Monk began the quest for the Orb.
     0 | D:1      | Reached XP level 1. HP: 19/19 MP: 0/0
    52 | D:1      | Reached skill level 4 in Axes
    53 | D:1      | Reached XP level 2. HP: 24/27 MP: 1/1
   309 | D:1      | Reached XP level 3. HP: 33/33 MP: 2/2
   835 | D:2      | Reached skill level 1 in Ranged Weapons
   846 | D:2      | Reached skill level 5 in Axes
   872 | D:2      | Reached XP level 4. HP: 39/41 MP: 3/3
  1020 | D:2      | Identified the +0 leather armour of Fortification {Int+3}
  1222 | D:2      | Found a faded altar of an unknown god.
  1509 | D:3      | Found Zalyberi's Antique Armour Emporium.
  2240 | D:4      | Reached XP level 5. HP: 42/47 MP: 4/4
  2387 | D:4      | Reached skill level 1 in Throwing
  2417 | D:4      | Reached skill level 1 in Evocations
  2666 | D:4      | Reached XP level 6. HP: 51/55 MP: 5/5
  2702 | D:4      | Noticed Menkaure
  2712 | D:4      | Reached skill level 6 in Axes
  2714 | D:4      | Killed Menkaure
  2715 | D:4      | Reached skill level 5 in Fighting
  2847 | D:4      | Found a runed translucent door.
  2848 | D:4      | Noticed Crazy Yiuf
  2880 | D:4      | Identified the +10 hand axe of Syrr {elec, Int+3 SInv}
  2929 | D:4      | Found Reira's Distillery.
  2935 | D:4      | Bought a potion of might for 40 gold pieces
  2935 | D:4      | Bought a potion of heal wounds for 50 gold pieces
  2935 | D:4      | Bought a potion of curing for 30 gold pieces
  3078 | D:4      | Found a broken altar of Ashenzari.
  3190 | D:4      | Found a stormy altar of Qazlal.
  3192 | D:4      | Found a sacrificial altar of Ru.
  3228 | D:5      | Entered Level 5 of the Dungeon
  3476 | D:5      | Reached XP level 7. HP: 40/61 MP: 6/6
  3975 | D:5      | Noticed a yak
  3975 | D:5      | Noticed a yak
  3975 | D:5      | Noticed a yak
  4057 | D:5      | Noticed a yak
  4057 | D:5      | Noticed a yak
  4279 | D:6      | Noticed a steam dragon
  4289 | D:6      | Killed a steam dragon
  4290 | D:6      | Reached skill level 7 in Axes
  4432 | D:6      | You fall into a shaft and drop 1 floor!
  4575 | D:7      | Reached skill level 5 in Ranged Weapons
  4575 | D:7      | Reached XP level 8. HP: 46/70 MP: 7/7
  4924 | D:6      | Reached skill level 8 in Axes
  5164 | D:6      | Found a hide-covered altar of Uskayaw.
  5180 | D:6      | Found a staircase to the Ecumenical Temple.
  5217 | D:6      | Found a white marble altar of Elyvilon.
  5225 | D:6      | Noticed Grinder
  5231 | D:6      | Paralysed by Grinder for 3 turns
  5241 | D:6      | Killed Grinder
  5731 | D:7      | Reached XP level 9. HP: 78/78 MP: 8/8
  5861 | D:7      | Reached skill level 9 in Axes
  6133 | Temple   | Entered the Ecumenical Temple
  6151 | Temple   | Became a worshipper of Hepliaklqana the Forgotten
  6151 | Temple   | Reached * piety under Hepliaklqana
  6151 | Temple   | Reached ** piety under Hepliaklqana
  6152 | Temple   | Remembered your ancestor Odghorreuda as a battlemage
  6603 | D:8      | Found a flagged portal.
  6613 | Bailey   | Entered a bailey
  6804 | Bailey   | Reached skill level 10 in Axes
  7162 | D:8      | Gained mutation: You have large cloven feet. [potion of
                  | mutation]
  7162 | D:8      | Gained mutation: Your muscles are strong. (Str +4, Int/Dex
                  | -1) [potion of mutation]
  7163 | D:8      | Lost mutation: You have large cloven feet. [potion of
                  | mutation]
  7163 | D:8      | Lost mutation: Your muscles are strong. (Str +4, Int/Dex
                  | -1) [potion of mutation]
  7163 | D:8      | Gained mutation: Your spells are a little harder to cast,
                  | but a little more powerful. [potion of mutation]
  7163 | D:8      | Gained mutation: You are dopey. (Int -2) [potion of
                  | mutation]
  7163 | D:8      | Gained mutation: You possess an exceptional clarity of
                  | mind. [potion of mutation]
  7177 | D:8      | Identified the +3 leather armour of Minor Irritation
                  | {Dex+4}
  7234 | D:8      | Reached XP level 10. HP: 79/79 MP: 9/9
  7264 | D:8      | Found a staircase to the Lair.
  7313 | D:8      | Found a radiant altar of Vehumet.
  7345 | D:8      | Found Goariuz's Distillery.
  7444 | D:8      | Found a snail-covered altar of Cheibriados.
  7647 | D:8      | Reached skill level 11 in Axes
  7668 | D:8      | Found a basalt altar of Yredelemnul.
  8298 | D:9      | Noticed Maggie
  8299 | D:9      | Maggie changed into Maggie the warg
  8299 | D:9      | Noticed Maggie
  8302 | D:9      | Killed Maggie the warg
  8303 | D:9      | Reached *** piety under Hepliaklqana
  8459 | D:9      | Identified the +0 robe "Repoj" {Int+2}
  8580 | D:9      | Noticed Prince Ribbit
  8588 | D:9      | Killed Prince Ribbit
  8755 | D:4      | Bought a potion of cancellation for 80 gold pieces
  8755 | D:4      | Bought a potion of curing for 30 gold pieces
  8755 | D:4      | Bought 2 potions of enlightenment for 100 gold pieces
  8755 | D:4      | Bought a potion of lignification for 30 gold pieces
  8902 | D:10     | Entered Level 10 of the Dungeon
  9009 | D:10     | Reached skill level 10 in Ranged Weapons
  9012 | D:10     | Reached skill level 12 in Axes
  9108 | D:10     | Found a staircase to the Orcish Mines.
  9129 | D:10     | Found a blossoming altar of Fedhas.
  9258 | D:10     | Reached XP level 11. HP: 87/87 MP: 10/10
  9530 | D:10     | Reached **** piety under Hepliaklqana
  9640 | D:10     | Noticed a two-headed ogre
  9650 | D:10     | Killed a two-headed ogre
  9651 | D:10     | Reached skill level 1 in Invocations
  9651 | D:10     | Reached XP level 12. HP: 89/93 MP: 11/11
  9692 | Orc:1    | Entered Level 1 of the Orcish Mines
  9697 | Orc:1    | Reached skill level 1 in Armour
  9846 | Orc:2    | Entered Level 2 of the Orcish Mines
  9850 | Orc:2    | Noticed Saint Roka
 10150 | Orc:2    | HP: 4/87 [sixfirhy[Saint Roka] (5)]
 10150 | Orc:2    | Mangled by a sixfirhy

Illustrated notes

Levels and vault maps discovered:
D:1:      dpeg_arrival_solitude, layout_basic, serial_park_tiny_2,
          minmay_tromino_i4
D:2:      layout_loops_cross, shapermc_ecumenical_altar_ellora
D:3:      layout_basic, serial_shops, nicolae_shop_tiny_waterfront,
          minmay_misc_feat_hallway
D:4:      corexii_shack_village, layout_rooms, nicolae_overflow_hidden_temple,
          serial_shops, shop, kennysheep_decorative_pillar,
          uniq_crazy_yiuf_cottage, uniq_menkaure
D:5:      layout_loops_corners
D:6:      layout_basic, mainiacjoe_overflow_chevrons, overflow_temple_1_default,
          minmay_temple_entry_wispy, serial_corexii_hall,
          corexii_hall_statues_i, chequers_hall_statues_wall_a, uniq_grinder
D:7:      layout_gridville
D:8:      layout_cave_pools, lemuel_tele_altar, lemuel_crystal_altar,
          kennysheep_mini_moat, due_lair_maze_entry_diamond, enter_bailey_3,
          serial_gnoll_camp, gnoll_camp_huts_basic, gnoll_camp_mini_hut,
          gnoll_camp_mini_shop, gnoll_camp_mini_hut, gnoll_camp_mini_loothouse,
          roderic_roman_lattice, minmay_fountain_box
D:9:      layout_loops_ring, serial_glass, glass_columns_a, glass_columns_c,
          glass_columns_a, glass_columns_a, glass_columns_b, glass_columns_a,
          glass_columns_c, glass_columns_a, uniq_prince_ribbit1, uniq_maggie
D:10:     layout_basic, fedhas_altar_3, orc_0_dummy
Temple:   cyrus_circular_temple
Orc:1:    layout_caves, special_room [special_room_bee], minmay_orc_temple_c
Orc:2:    pf_orc_diabolical, layout_diamond_mine, enter_volcano_2,
          uniq_saint_roka

Skill      XL: |  1  2  3  4  5  6  7  8  9 10 11 12 |
---------------+-------------------------------------+-----
Axes           | 4 5 6 7 8 10 12 | 12.5
Fighting       | 4 5 6 7 9 |  9.5
Ranged Weapons | 1 2 3 4 5 6 8 10 | 10.8
Throwing       | 1 2 3 4 6 |  6.9
Evocations     | 1 2 3 4 6 |  6.2
Stealth        | 4 |  4.2
Invocations    | 1 2 |  2.3
Armour         | 1 |  1.9
Dodging        | |  3.2

Action                     |  1- 3 |  4- 6 |  7- 9 | 10-12 || total
---------------------------+-------+-------+-------+-------++-------
  Melee: Hand axe          |    51 |    57 |   141 |   108 ||   357
         Headbutt          |     6 |    16 |    23 |    22 ||    67
         Morningstar       |       |    31 |       |       ||    31
   Fire: Sling             |    22 |    57 |    33 |       ||   112
         Shortbow          |       |       |    43 |    23 ||    66
         Arbalest          |       |       |       |     2 ||     2
  Throw: Dart              |       |     4 |     9 |     6 ||    19
         Boomerang         |       |     5 |     5 |       ||    10
 Invoke: Ancestor Life: Ba |       |       |     1 |       ||     1
  Evoke: Wand              |       |       |       |     5 ||     5
    Use: Scroll            |     1 |     3 |     9 |     7 ||    20
         Potion            |       |       |     5 |     1 ||     6
   Stab: Distracted        |       |       |     1 |       ||     1
 Armour: Robe              |    32 |     6 |       |       ||    38
         Leather armour    |       |    39 |       |       ||    39
         Chain mail        |       |    14 |   128 |       ||   142
         Crystal plate arm |       |       |     5 |   157 ||   162
  Dodge: Dodged            |    38 |    65 |    69 |     9 ||   181

Table legend: (Time is in decaauts)
 A = Elapsed time spent in this place.
 B = Non-inter-level travel time spent in this place.
 C = Inter-level travel time spent in this place.
 D = Time resting spent in this place.
 E = Time spent auto-exploring this place.
 F = Levels seen in this place.
 G = Mean time per level.
                   A        B        C        D        E       F      G
               +--------+--------+--------+--------+--------+-----+--------+
         Total |  10190 |   9596 |    594 |   1175 |   6333 |  14 |  727.9 |
       Dungeon |   9144 |   8565 |    579 |    726 |   6162 |  10 |  914.4 |
        Temple |     34 |     20 |     14 |      0 |      0 |   1 |   34.0 |
  Orcish Mines |    453 |    453 |      0 |    272 |    114 |   2 |  226.5 |
        Bailey |    558 |    558 |      0 |    176 |     57 |   1 |  558.0 |
               +--------+--------+--------+--------+--------+-----+--------+

Top non-repeatable levels by time:
     D:4: 1124 daAuts
     D:8: 1067 daAuts
     D:5: 1060 daAuts
     D:6: 1029 daAuts
     D:7: 960 daAuts
     D:9: 878 daAuts
     D:3: 826 daAuts
    D:10: 784 daAuts
     D:2: 751 daAuts
     D:1: 661 daAuts
  Bailey: 558 daAuts
   Orc:1: 433 daAuts
  Temple: 34 daAuts
   Orc:2: 20 daAuts
